 Dungeon Crawl Stone Soup version 0.29.0-15-g675c0067aa (webtiles) character file.

Game seed: 13465337694101695267

35 qw the Chopper (level 3, 0/23 HPs)
             Began as a Gargoyle Fighter on Sept 11, 2022.
             Slain by Terence
             ... wielding a +4 flail of protection
              (9 damage)
             ... on level 2 of the Dungeon.
             The game lasted 00:00:28 (1089 turns).

qw the Chopper (Gargoyle Fighter)                   Turns: 1089, Time: 00:00:28

Health: 0/23       AC: 12    Str: 21    XL:     3   Next: 35%
Magic:  3/3        EV:  7    Int:  8    God:
Gold:   36         SH:  4    Dex:  9    Spells: 2/2 levels left

rFire   . . .      SeeInvis .   Y - +1 war axe
rCold   . . .      Faith    .   c - +0 buckler
rNeg    + . .      Spirit   .   g - +0 chain mail
rPois   inf        Reflect  .   (no helmet)
rElec   +          Harm     .   (no cloak)
rCorr   .          Rampage  .   (no gloves)
Will    .....                   (no boots)
Stlth   ..........              (no amulet)
HPRegen 0.07/turn               (no ring)
MPRegen 0.08/turn               (no ring)

@: no status effects
A: sickness immunity, AC +3, negative energy resistance 1, electricity
resistance, torment resistance 1, petrification resistance
a: no special abilities


You were on level 2 of the Dungeon.
You visited 1 branch of the dungeon, and saw 2 of its levels.

You collected 36 gold pieces.


Innate Abilities, Weirdness & Mutations

You are immune to sickness and miasma.
Your stone body is resilient. (AC +3)
You are immune to poison.
You resist negative energy. (rN+)
You are resistant to electric shocks. (rElec)
You are resistant to unholy torment.
You are immune to petrification.


   Skills:
 - Level 3.2 Fighting
 + Level 3.3 Axes
 - Level 3.2 Armour
 - Level 3.2 Shields


You had 2 spell levels left.
You didn't know any spells.
Your spell library was empty.

Inventory:

Hand Weapons
 e - a +0 whip
 Y - a +1 war axe (weapon)
Armour
 c - a +0 buckler (worn)
 g - a +0 chain mail (worn)
Potions
 d - a potion of might
 i - a potion of heal wounds

Dungeon Overview and Level Annotations

Branches:
Dungeon (2/15)

Altars:

Annotations:
D:2 Terence


Message History

Where to? (* - list waypoints, ? - help)
What level of the Dungeon? (default 1, ? - help)
There is a stone staircase leading down here.
You climb downwards.
There is a stone staircase leading up here.
Existing waypoints: (2) D:1 Assign waypoint to what number? (0-9, D - delete waypoint) Waypoint 1 assigned to D:2.
Found a stone staircase leading down.
Terence the Incautious comes into view.
He is wielding a +4 flail of protection.
Found a stone staircase leading up.
Terence shouts!
You barely miss Terence. Terence completely misses you.
You hit Terence but do no damage. Terence hits you but does no damage.
You closely miss Terence.
Terence hits you with a +4 flail of protection.
Terence hits you with a +4 flail of protection!
You closely miss Terence. Terence completely misses you.
You slash Terence!
Terence is heavily wounded.
Terence drinks a potion.
Terence is healed!
You hit Terence.
Terence is lightly wounded.
Terence hits you but does no damage.
Terence hits you with a +4 flail of protection.
You hit Terence but do no damage.
Terence is lightly wounded.
Terence barely misses you.
You barely miss Terence.
Terence is lightly wounded.
Terence asks, "Do you want it fast or slow?"
Terence closely misses you. Terence hits you but does no damage.
You hit Terence but do no damage.
Terence is lightly wounded.
Terence hits you with a +4 flail of protection!
You die...

.. .##
......>##
<#.......#
....#.#..#
......#..#
#.......#
#.......#
#.......######
#.#.#.@......#
##@#####.#
.... #.#
....... #.#
#####...###.#
#...#<..#
#...#####
#.#.#


You could see Terence.

Vanquished Creatures
  A dart slug (D:1)
  2 bats (D:1)
  4 endoplasms (D:1)
  2 giant cockroaches (D:1)
  4 hobgoblins (D:1)
  3 jackals (D:1)
  2 kobolds (D:1)
  A quokka (D:1)
  3 ball pythons (D:1)
  3 frilled lizards (D:1)
  5 rats (D:1)
30 creatures vanquished.

Notes
Turn   | Place    | Note
-------+----------+-------------------------------------------
     0 | D:1      | qw the Gargoyle Fighter began the quest for the Orb.
     0 | D:1      | Reached XP level 1. HP: 14/14 MP: 1/1
     0 | D:1      | 0 ||| qw: Version: 0.1-a-119-g272c26d
     0 | D:1      | 0 ||| qw: Game counter: 10688
     0 | D:1      | 0 ||| qw: Always use a shield: true
     0 | D:1      | 0 ||| qw: God list: Okawaru
     0 | D:1      | 0 ||| qw: Allow faded altars: false
     0 | D:1      | 0 ||| qw: Do Orc after D:15 true
     0 | D:1      | 0 ||| qw: Do second Lair branch before Depths: true
     0 | D:1      | 0 ||| qw: Lair rune preference: random
     0 | D:1      | 0 ||| qw: Plans: Normal, Zot, God:TSO, Crypt, Tomb, Pan,
                  | Slime, Hells, Zig, Abyss, Orb
     0 | D:1      | 0 ||| PLANNING D:1-11
   304 | D:1      | Reached XP level 2. HP: 19/19 MP: 2/2
   675 | D:1      | Reached skill level 3 in Axes
   721 | D:1      | Reached XP level 3. HP: 23/23 MP: 3/3
  1001 | D:1      | 1001 ||| Stepping ~*~*~tactically~*~*~ (hiding).
  1032 | D:1      | 1032 ||| UPGRADING to +0 chain mail.
  1042 | D:1      | 1042 ||| DROPPING +0 scale mail.
  1043 | D:1      | 1043 ||| READING 2 scrolls labelled LATOXZ HANUTIAFAM.
  1044 | D:1      | 1044 ||| READING scroll labelled ODEGIC KOZIADAKO.
  1045 | D:1      | 1045 ||| READING scroll labelled FAG QOIVVO.
  1049 | D:1      | 1049 ||| DROPPING scroll of butterflies.
  1076 | D:2      | Noticed Terence
  1089 | D:2      | Slain by Terence

Levels and vault maps discovered:
D:1:      onia_arrival_handbag, layout_loops_ring, minmay_pentomino_s2
D:2:      layout_basic, basic_altar, shapermc_ecumenical_altar_pompeii,
          uniq_sigmund, uniq_crazy_yiuf_cottage, uniq_terence

Skill      XL: |  1  2 |
---------------+-------+-----
Axes           | 2 3 |  3.3
Fighting       | |  3.2
Armour         | |  3.2
Shields        | |  3.2

Action                   || total
-------------------------++-------
Melee: War axe           ||    98
  Use: Scroll            ||     3
Armor: Scale mail        ||    71
       Chain mail        ||     3
Dodge: Dodged            ||    59
Block: Buckler           ||    12

Table legend:
 A = Non-vault XP
 B = Vault XP
 C = Vault XP percentage of total XP
 D = Non-vault monster count
 E = Vault monster count
 F = Vault count percentage of total count
                 A         B        C        D         E       F
            +---------+---------+-------+---------+---------+-------
      Total |      45 |       6 |  11.8 |      25 |       5 |  16.7
            +---------+---------+-------+---------+---------+-------
        D:1 |      45 |       6 |  11.8 |      25 |       5 |  16.7
            +---------+---------+-------+---------+---------+-------
